 Dungeon Crawl Stone Soup version 0.28-a0-1395-g4f6bc678fa (webtiles) character file.

Game seed: 10388619975097773681

115 HallandMoats the Skirmisher (level 4, 0/35 HPs)
             Began as a Demonspawn Fighter on Jan 5, 2022.
             Was a Believer of Kikubaaqudgha.
             Killed from afar by Terence (9 damage)
             ... with a puff of flame
             ... on level 3 of the Dungeon.
             The game lasted 00:05:03 (2449 turns).

HallandMoats the Skirmisher (Demonspawn Fighter)    Turns: 2449, Time: 00:05:04

Health: 0/35       AC:  8    Str: 16    XL:     4   Next: 68%
Magic:  4/4        EV: 10    Int:  9    God:    Kikubaaqudgha [**....]
Gold:   96         SH:  5    Dex: 15    Spells: 3/3 levels left

rFire   . . .      SeeInvis .   a - +0 war axe
rCold   + . .      Faith    .   c - +0 buckler
rNeg    . . .      Spirit   .   k - +0 ring mail {rC+}
rPois   .          Reflect  .   b - +0 helmet
rElec   .          Harm     .   (no cloak)
rCorr   .          Rampage  .   (no gloves)
Will    .....                   m - +0 pair of boots
Stlth   +.........              d - amulet of the acrobat
HPRegen 0.11/turn               (no ring)
MPRegen 0.09/turn               (no ring)

@: mighty
A: demonic guardian 1, foul stench 1
a: Renounce Religion, Receive Corpses


You were on level 3 of the Dungeon.
You worshipped Kikubaaqudgha.
Kikubaaqudgha was pleased with you.
You visited 1 branch of the dungeon, and saw 3 of its levels.

You collected 96 gold pieces.

Inventory:

Hand Weapons
 a - a +0 war axe (weapon)
Armour
 b - a +0 helmet (worn)
 c - a +0 buckler (worn)
 k - a +0 ring mail of cold resistance (worn)
 m - a +0 pair of boots (worn)
Jewellery
 d - an amulet of the acrobat (around neck)
 j - an amulet of faith
Scrolls
 e - a scroll of identify {unknown}
 f - a scroll of torment
 h - a scroll of enchant weapon {unknown}
 l - 2 scrolls of teleportation
 o - a scroll of vulnerability {unknown}
Potions
 g - a potion of heal wounds {unknown}
 i - a potion of lignification {unknown}


   Skills:
 + Level 3.4 Fighting
 * Level 3.0 Axes
 + Level 3.2 Armour
 + Level 1.2 Dodging
 + Level 3.1 Shields


You had 3 spell levels left.
You didn't know any spells.
Your spell library contained the following spells:

 Spells                   Type           Power      Damage    Failure   Level
 Animate Skeleton         Necr           0%         N/A       63%         1
 Pain                     Necr           0%         1d4       63%         1
 Shock                    Conj/Air       0%         1d3       63%         1
 Ensorcelled Hibernation  Hex/Ice        0%         N/A       77%         2
 Sublimation of Blood     Necr           0%         N/A       77%         2
 Spider Form              Tmut/Pois      0%         N/A       94%         3
 Swiftness                Air            0%         N/A       94%         3
 Vampiric Draining        Necr           0%         2d6       94%         3
 Airstrike                Air            0%         N/A       100%        4


Dungeon Overview and Level Annotations

Branches:
Dungeon (3/15)

Altars:
Kikubaaqudgha

Annotations:
D:2 Sigmund
D:3 Terence


Innate Abilities, Weirdness & Mutations

A weak demonic guardian rushes to your aid.
You may rarely emit foul miasma when damaged in melee.


Message History

There is a stone staircase leading up here.
Okay, then.
Terence zaps a wand.
The puff of flame hits you!
A demonic guardian appears!
Terence zaps a wand.
The puff of flame hits you! What are your orders? t - Shout!
Orders for allies: a - Attack new target. r - Retreat! s - Stop attacking. g - Guard the area. f - Follow me.
Anything else - Cancel.
Gang up on whom?
Press: ? - help, Dir - move target, f - Terence
Aim: Terence, wielding a +0 hand axe, wearing a +0 chain mail and carrying a wand of flame (8) (ally target) Attack!
Terence hits you but does no damage.
You hit Terence.
Terence is lightly wounded.
Terence hits you but does no damage. Terence completely misses your quasit.
Your quasit bites Terence but does no damage.
Your quasit claws Terence but does no damage. x2
Terence zaps a wand.
The puff of flame hits you!
* * * LOW HITPOINT WARNING * * *
Your quasit closely misses Terence.
Your quasit barely misses Terence. x2
You feel very mighty all of a sudden.
Your quasit barely misses Terence.
Your quasit claws Terence.
Your quasit claws Terence but does no damage.
Terence barely misses you.
Terence hits your quasit but does no damage.
You slash Terence!
Terence is heavily wounded.
Your quasit bites Terence.
Your quasit barely misses Terence.
Your quasit closely misses Terence.
Terence closely misses you. Terence completely misses your quasit.
Your quasit closely misses Terence.
Your quasit barely misses Terence.
Your quasit claws Terence but does no damage.
You hit Terence.
Terence is severely wounded.
Your quasit bites Terence.
Your quasit closely misses Terence. x2
Terence zaps a wand.
The puff of flame hits you!
You die...
Kikubaaqudgha rasps: "You have failed me!
Welcome... death!"

♣...♣ P.#
♣♣...♣♣♣..#
.....PPP.#
...... ..
#.>..##.#
#.#.....#
#.#.##..#
#<...@@.#
#......5..#
###.#.....#
#.....###
#######


You could see Terence (ally target) and a friendly quasit (summoned).

Vanquished Creatures
  Robin (D:2)
  3 adders (D:2)
  2 dart slugs
  5 ball pythons
  4 bats
  4 endoplasms
  4 giant cockroaches
  18 goblins
  8 hobgoblins
  4 frilled lizards
  2 kobolds
  8 rats
63 creatures vanquished.

Vanquished Creatures (collateral kills)
  A dart slug (D:1)
  A kobold (D:1)
2 creatures vanquished.

Grand Total: 65 creatures vanquished

Notes
Turn   | Place    | Note
-------+----------+-------------------------------------------
     0 | D:1      | HallandMoats the Demonspawn Fighter began the quest for the
                  | Orb.
     0 | D:1      | Reached XP level 1. HP: 18/18 MP: 1/1
   145 | D:1      | Gained mutation: A weak demonic guardian rushes to your
                  | aid. [demonic ancestry]
   145 | D:1      | Reached XP level 2. HP: 16/24 MP: 2/2
   547 | D:1      | Found a faded altar of an unknown god.
   562 | D:1      | Prayed at the altar of an unknown god.
   562 | D:1      | Became a worshipper of Kikubaaqudgha
   562 | D:1      | Reached * piety under Kikubaaqudgha
   562 | D:1      | Received a gift from Kikubaaqudgha
   676 | D:1      | Reached XP level 3. HP: 29/29 MP: 3/3
   988 | D:2      | Noticed Robin
   991 | D:2      | Killed Robin
   992 | D:2      | Reached skill level 1 in Dodging
   992 | D:2      | Reached ** piety under Kikubaaqudgha
  1112 | D:2      | Gained mutation: You may rarely emit foul miasma when
                  | damaged in melee. [demonic ancestry]
  1112 | D:2      | Reached XP level 4. HP: 30/35 MP: 4/4
  1265 | D:2      | Noticed Sigmund
  2440 | D:3      | Noticed Terence
  2449 | D:3      | Killed from afar by Terence

Illustrated notes

Levels and vault maps discovered:
D:1:      onia_arrival_pyramid, layout_loops_cross,
          chequers_ecumenical_altar_simple_redux, serial_aquarium,
          aquarium_bridge_square [aquarium_subvault_window,
          aquarium_subvault_bridge, aquarium_subvault_window,
          aquarium_subvault_bridge], aquarium_window_fake, aquarium_window_3,
          aquarium_window_1, aquarium_view_2c, aquarium_view_4,
          aquarium_balcony_1a, aquarium_pool_corner, minmay_3d_cube
D:2:      layout_basic, uniq_sigmund, uniq_robin
D:3:      layout_basic, gup_sewer_entry_pipe, minmay_misc_feat_rows,
          kennysheep_nub, kennysheep_boxes, uniq_ijyb, uniq_terence

Skill      XL: |  1  2  3  4 |
---------------+-------------+-----
Axes           | 2 3 |  3.0
Shields        | 3 |  3.1
Armour         | 3 |  3.2
Dodging        | 1 |  1.2
Fighting       | |  3.4

Action                   |  1- 3 |  4- 6 || total
-------------------------+-------+-------++-------
Melee: War axe           |    84 |    52 ||   136
  Use: Potion            |     1 |     1 ||     2
       Scroll            |       |     2 ||     2
Armor: Scale mail        |    30 |       ||    30
       Ring mail         |    19 |    29 ||    48
Dodge: Dodged            |    53 |    49 ||   102
Block: Buckler           |    33 |    19 ||    52

Table legend: (Time is in decaauts)
 A = Elapsed time spent in this place.
 B = Non-inter-level travel time spent in this place.
 C = Inter-level travel time spent in this place.
 D = Time resting spent in this place.
 E = Time spent auto-exploring this place.
 F = Levels seen in this place.
 G = Mean time per level.
                   A        B        C        D        E       F      G
               +--------+--------+--------+--------+--------+-----+--------+
         Total |   2503 |   2503 |      0 |    536 |   1408 |   3 |  834.3 |
       Dungeon |   2503 |   2503 |      0 |    536 |   1408 |   3 |  834.3 |
               +--------+--------+--------+--------+--------+-----+--------+

Top non-repeatable levels by time:
     D:2: 1288 daAuts
     D:1: 1205 daAuts
     D:3: 9 daAuts
